 Dungeon Crawl Stone Soup version 0.31.0-9-g3a7656b989 (webtiles) character file.

Game seed: 3306667268167196845

969 pondus the Cleaver (level 7, -3/88 HPs)
             Began as a Minotaur Berserker on Feb 4, 2024.
             Was a Priest of Trog.
             Slain by a gnoll sergeant
             ... wielding a +3 trident of protection
              (14 damage)
             ... on level 5 of the Dungeon.
             The game lasted 00:16:07 (3583 turns).

pondus the Cleaver (Minotaur Berserker)             Turns: 3583, Time: 00:16:08

Health: -3/88      AC: 12    Str: 23    XL:     7   Next: 94%
Magic:  6/6        EV:  7    Int:  4    God:    Trog [***...]
Gold:   259        SH:  0    Dex: 10    Spells: 6/6 levels left

rFire   . . .        a - +0 hand axe
rCold   . . .        (no shield)
rNeg    . . .        d - +0 plate armour
rPois   +            (helmet restricted)
rElec   .            m - +0 cloak
rCorr   .            (no gloves)
SInv    .            (no boots)
Will    .....        (no amulet) Stlth
                     l - ring of poison resistance
HPRegen 0.34/turn    (no ring)
MPRegen 0.10/turn

%: no passive effects
@: berserking, very quick
A: horns 2, retaliatory headbutt
a: Renounce Religion, Berserk, Trog's Hand


You were on level 5 of the Dungeon.
You worshipped Trog.
Trog was most pleased with you.
You visited 1 branch of the dungeon, and saw 5 of its levels.

You collected 259 gold pieces.

Inventory:

Hand Weapons
 a - a +0 hand axe (weapon)
 g - a +2 dagger of venom
Missiles
 k - 24 stones (quivered)
 p - 9 poisoned darts
Armour
 b - a +0 animal skin
 d - a +0 plate armour (worn)
 m - a +0 cloak (worn)
Jewellery
 l - a ring of poison resistance (left hand)
 q - an amulet of faith
Wands
 j - a wand of charming (10)
Scrolls
 i - a scroll of vulnerability
 r - a scroll of identify
 s - 2 scrolls of immolation
 w - a scroll of revelation
 x - a scroll of enchant armour
 y - a scroll of enchant weapon {unknown}
Potions
 c - 2 potions of ambrosia
 e - a potion of curing {unknown}
 f - a potion of degeneration {unknown}
 h - a potion of mutation {unknown}
 v - a potion of might {unknown}


   Skills:
 - Level 4.1 Fighting
 + Level 11.2 Axes
 - Level 2.6 Armour
 - Level 2.3 Dodging


You had 6 spell levels left.
You didn't know any spells.
Your spell library was empty.

Dungeon Overview and Level Annotations

Branches:
Dungeon (5/15)             Temple (0/1) D:4

Altars:
Ashenzari
Cheibriados


Innate Abilities, Weirdness & Mutations

You have a pair of horns on your head.
You reflexively headbutt those who attack you in melee.


Message History

The liquid fire burns you!
The gnoll sergeant hits you with a +3 trident of protection.
You hit the gnoll sergeant but do no damage.
The gnoll sergeant is lightly wounded.
The liquid fire burns you!
* * * LOW HITPOINT WARNING * * *
You feel much better. The liquid fire burns you!
The gnoll sergeant hits you with a +3 trident of protection.
You barely miss the gnoll sergeant.
The gnoll sergeant is lightly wounded.
The liquid fire burns you!
The gnoll sergeant hits you with a +3 trident of protection.
You hit the gnoll sergeant but do no damage.
The gnoll sergeant is lightly wounded.
The liquid fire burns you!
* * * LOW HITPOINT WARNING * * *
The gnoll sergeant hits you with a +3 trident of protection.
* * * LOW HITPOINT WARNING * * *
A red film seems to cover your vision as you go berserk!
You feel yourself moving faster!
You feel mighty! The liquid fire burns you!
* * * LOW HITPOINT WARNING * * *
The gnoll sergeant hits you with a +3 trident of protection!
* * * LOW HITPOINT WARNING * * *
You slash the gnoll sergeant!
The gnoll sergeant is heavily wounded.
You closely miss the orc. You slash the gnoll sergeant!
The gnoll sergeant is severely wounded.
You slash the orc!
You kill the orc!
Trog accepts your kill. The gnoll sergeant closely misses you.
You hit the gnoll sergeant.
The gnoll sergeant is almost dead.
You barely miss the gnoll sergeant.
The gnoll sergeant is almost dead.
The gnoll sergeant hits you with a +3 trident of protection!
You die...

.. ... ...###
#...#######
......... # #
#.....##.##.
#.#..)........
#.#.#.@g.....#
#.....).......
###)#...#..#..
#)#........#
#.#(.###....
#.#.## #..
#.#?. .
###.#######
##....<.....


You could see a gnoll sergeant.

Vanquished Creatures
  The ghost of temujin the Magician, an amateur DjCj of Wu Jian (D:3)
  2 black bears (D:4)
  2 ogres
  A killer bee (D:5)
  A bombardier beetle (D:5)
  2 hounds (D:4)
  An orc priest (D:5)
  An orc wizard (D:3)
  A sleepcap (D:4)
  An iguana (D:5)
  5 gnolls
  6 adders
  A ribbon worm (D:2)
  3 dart slugs
  11 orcs
  4 bats
  13 endoplasms
  A giant cockroach (D:3)
  8 goblins
  8 hobgoblins
  3 jackals (D:4)
  6 kobolds
  4 quokkas
  9 ball pythons
  5 frilled lizards
  4 rats
104 creatures vanquished.

Notes
Turn   | Place    | Note
-------+----------+-------------------------------------------
     0 | D:1      | pondus the Minotaur Berserker began the quest for the Orb.
     0 | D:1      | Reached XP level 1. HP: 19/19 MP: 0/0
   160 | D:1      | Reached skill level 4 in Axes
   160 | D:1      | Reached XP level 2. HP: 7/27 MP: 1/1
   367 | D:1      | Reached XP level 3. HP: 10/33 MP: 2/2
   974 | D:2      | Reached skill level 5 in Axes
  1035 | D:2      | Reached ** piety under Trog
  1193 | D:2      | Reached XP level 4. HP: 40/40 MP: 3/3
  1450 | D:2      | Found a faded altar of an unknown god.
  1705 | D:3      | Noticed temujin's ghost (amateur DjCj)
  1706 | D:3      | Found a transporter.
  1728 | D:3      | Found a transporter.
  1749 | D:3      | Killed temujin's ghost
  1750 | D:3      | Reached skill level 7 in Axes
  1750 | D:3      | Reached XP level 5. HP: 46/46 MP: 4/4
  1750 | D:3      | Reached XP level 6. HP: 52/52 MP: 5/5
  1931 | D:3      | Reached skill level 8 in Axes
  2012 | D:3      | Found a broken altar of Ashenzari.
  2033 | D:3      | Found a snail-covered altar of Cheibriados.
  2417 | D:4      | Found a staircase to the Ecumenical Temple.
  2446 | D:4      | Reached skill level 9 in Axes
  2446 | D:4      | Reached XP level 7. HP: 45/59 MP: 6/6
  2448 | D:4      | Reached *** piety under Trog
  2466 | D:4      | Reached skill level 10 in Axes
  2466 | D:4      | Identified the +8 dagger of Balance {venom, Will+ MP-9
                  | Str+3}
  3387 | D:5      | Entered Level 5 of the Dungeon
  3411 | D:5      | Reached skill level 11 in Axes
  3583 | D:5      | Slain by a gnoll sergeant

Illustrated notes

Levels and vault maps discovered:
D:1:      sevenhm_arrival_forest_fort_small_5, layout_rooms,
          nicolae_figureground_sparkle
D:2:      layout_basic, shapermc_ecumenical_altar_mp_vishouse, minivault_4
D:3:      layout_rooms, mainiacjoe_overflow_large_starburst,
          gammafunk_ghost_arena
D:4:      black_bear_nest_2, layout_gridville, minmay_temple_entry_statues,
          minmay_joined_circles
D:5:      layout_basic, lemuel_coloured_pillars_altar, portal_sewer_entry_d,
          st_stairs_11, minmay_hedge_maze

Skill      XL: |  1  2  3  4  5  6  7 |
---------------+----------------------+-----
Fighting       | 4 |  4.1
Axes           | 4 5 7 9 11 | 11.2
Armour         | |  2.6
Dodging        | |  2.3

Action                     |  1- 3 |  4- 6 |  7- 9 || total
---------------------------+-------+-------+-------++-------
  Melee: Hand axe          |    63 |   103 |    90 ||   256
         Headbutt          |     7 |    15 |    14 ||    36
         Punch             |     1 |     1 |       ||     2
 Invoke: Berserk           |       |     1 |     1 ||     2
    Use: Scroll            |     7 |     1 |     5 ||    13
         Potion            |       |       |     2 ||     2
 Armour: Animal skin       |    20 |       |       ||    20
         Ring mail         |    21 |    72 |    13 ||   106
         Skin              |     3 |       |       ||     3
         Scale mail        |       |       |    24 ||    24
         Plate armour      |       |       |    22 ||    22
  Dodge: Dodged            |    48 |    60 |    39 ||   147
